 Dungeon Crawl Stone Soup version 0.27-a0-223-ge082b6e869 (webtiles) character file.

Game seed: 3267258074511061453

3041 sahdkjhfkaj the Geomancer (level 9, 47/47 HPs)
             Began as a Gargoyle Earth Elementalist on Feb 1, 2021.
             Was an Initiate of Vehumet.
             Quit the game on level 7 of the Dungeon.
             The game lasted 00:16:07 (10712 turns).

sahdkjhfkaj the Geomancer (GrEE)                   Turns: 10712, Time: 00:16:07

Health: 47/47      AC: 10    Str: 12    XL:     9   Next: 86%
Magic:  0/15       EV: 12    Int: 19    God:    Vehumet [......]
Gold:   384        SH:  0    Dex: 10    Spells: 7/16 levels left

rFire    . . .     SeeInvis .   a - +1 whip
rCold    . . .     Faith    .   (no shield)
rNeg     + . .     Spirit   .   y - +0 robe {Will+}
rPois    ∞         Reflect  .   o - +0 helmet
rElec    +         Harm     .   n - +0 cloak {rPois}
rCorr    .         Rampage  .   (no gloves)
Will     +....                  (no boots)
Stlth    ++........             (no amulet)
HPRegen  0.15/turn              (no ring)
MPRegen  0.14/turn              (no ring)

@: no status effects
A: negative energy resistance 1, electricity resistance, unbreathing,
petrification resistance, miasma immunity, AC +6
a: Renounce Religion


You were on level 7 of the Dungeon.
You worshipped Vehumet.
Vehumet was noncommittal.
You visited 2 branches of the dungeon, and saw 8 of its levels.

You collected 384 gold pieces.

Inventory:

Hand Weapons
 a - a +1 whip (weapon)
   (You took it off a kobold on level 1 of the Dungeon)
Missiles
 b - 318 stones
Armour
 n - a +0 cloak of poison resistance (worn)
   (You found it on level 2 of the Dungeon)
 o - a +0 helmet (worn)
   (You found it on level 4 of the Dungeon)
 y - a +0 robe of willpower (worn)
   (You took it off Blork the orc on level 6 of the Dungeon)
Wands
 d - a wand of iceblast (5)
   (You took it off Maggie on level 6 of the Dungeon)
Scrolls
 c - a scroll of enchant armour
 e - 4 scrolls of remove curse {@r2}
 g - a scroll of magic mapping {unknown}
 k - a scroll of blinking {unknown}
 s - a scroll of random uselessness {unknown}
 u - a scroll of teleportation {unknown}
 w - 3 scrolls of enchant weapon
 x - a scroll of fog
Potions
 f - a potion of flight
 h - a potion of lignification {unknown}
 i - a potion of curing {@q1}
 j - a potion of haste {unknown}
 l - a potion of heal wounds {unknown}
 m - 2 potions of brilliance {unknown}
 p - a potion of berserk rage {unknown}
 q - a potion of resistance {unknown}
 r - a potion of ambrosia {unknown}
 v - a potion of magic {unknown}


   Skills:
 + Level 1.5 Fighting
 - Level 1.5 Dodging
 - Level 2.1 Stealth
 - Level 4.0 Spellcasting
 - Level 6.0 Conjurations
 - Level 0.7 Transmutations
 - Level 13.0 Earth Magic
 - Level 3.0 Evocations


You had 7 spell levels left.
You knew the following spells:

 Your Spells              Type           Power        Failure   Level
a - Sandblast             Erth           100%         1%          1
x - Stone Arrow           Conj/Erth      78%          1%          3
z - Lee's Rapid Deconstr  Erth           26%          1%          5

Your spell library contained the following spells:

 Spells                   Type           Power        Failure   Level
 Passwall                 Tmut/Erth      24%          1%          2
 Petrify                  Tmut/Erth      29%          9%          4


Dungeon Overview and Level Annotations

Branches:
Dungeon (7/15)             Temple (1/1) D:6

Altars:
Ashenzari
Cheibriados
Dithmenos
Elyvilon
Fedhas
Gozag
Hepliaklqana
Kikubaaqudgha
Makhleb
Nemelex Xobeh
Okawaru
Qazlal
Sif Muna
Uskayaw
Vehumet
Xom
Yredelemnul
Zin
The Shining One

Shops:
D:4 :


Innate Abilities, Weirdness & Mutations

You are resistant to torment.
Your stone body is resilient. (AC +6)
You are immune to poison.
You resist negative energy. (rN+)
You are resistant to electric shocks. (rElec)
You can survive without breathing.
You are immune to petrification.
You are immune to miasma.


Message History

You can't see any susceptible monsters within range! (Use Z to cast anyway.) Unknown command.
An orc is nearby!
An orc is nearby!
An orc is nearby!
An orc is nearby!
The wall shatters!
The blast of rock fragments hits the orc!
You kill the orc!
Vehumet accepts your kill.
Unknown command.
Things that are here:
a +0 flail; an orc corpse
m - 2 cyan potions
Items here: )) [[ †.
Things that are here:
a +0 club; an orc corpse
Items here: )) [[ ††.
You see here a +0 hand axe.
An orc comes into view. It is wielding a +0 whip.
An orc is nearby!
An orc is nearby!
An orc is nearby!
That beam is likely to hit you.
Continue anyway?
Okay, then.
Okay, then.
The orc shouts!
The wall shatters!
The blast of rock fragments hits the orc!!
You kill the orc!
Vehumet accepts your kill.
Unknown command.
An ogre comes into view. It is wielding a +0 giant spiked club.
An ogre is nearby!
An ogre is nearby!
The wall shatters!
The blast of rock fragments hits the ogre!
The ogre shouts!
Unknown command.
Unknown command.
An ogre is nearby!
The wall shatters!
The blast of rock fragments hits the ogre!!
You kill the ogre!
Vehumet accepts your kill.
Training target 3.0 for Evocations reached!
Your Evocations skill increases to level 3!
You need to enable at least one skill for training.
Your Fighting skill increases to level 1!
Unknown command.

..#..#.. #....#.#
#....#.#
###.#..#.#
##...#....# #
#..##.....# #.# #
#.##...##.##
#...#
####.##....)..##
#..
##........###@..#
#.o. ##.....#####
##....... ..o).##
##..)#### .......
...o ##)..##
....### ...
.)[..# ###.). ..
.....# .... .
.....# #.. ######
..


There were no monsters in sight!

Vanquished Creatures
  Maggie (D:6)
  Prince Ribbit (D:5)
  A water moccasin (D:7)
  2 orc warriors (D:6)
  A sky beast (D:6)
  2 ice beasts
  3 ogres
  A centaur (D:6)
  Blork the orc (D:6)
  A bullfrog (D:6)
  A water moccasin zombie (D:5)
  A wight (D:6)
  A howler monkey (D:5)
  4 crimson imps (D:5)
  A centaur zombie (D:5)
  5 hounds
  A jelly (D:5)
  4 orc priests
  3 bullfrog skeletons
  2 centaur skeletons (D:4)
  Jessica (D:2)
  An iguana (D:4)
  8 orc wizards
  9 worker ants
  A hound skeleton (D:4)
  A howler monkey zombie (D:6)
  2 worker ant zombies
  4 gnolls (D:6)
  8 adders
  A shadow imp (D:6)
  An ufetubus (D:5)
  An ooze (D:2)
  An adder zombie (D:5)
  2 adder skeletons
  2 worms
  2 dart slugs
  A leopard gecko (D:3)
  29 orcs
  7 bats
  7 giant cockroaches
  7 goblins
  11 hobgoblins
  7 jackals
  3 quokkas
  5 ball pythons
  A ball python skeleton (D:4)
  4 frilled lizards
  14 kobolds
  9 rats
187 creatures vanquished.

Vanquished Creatures (others)
  3 fungi (D:5)
  3 plants (D:5)
6 creatures vanquished.

Grand Total: 193 creatures vanquished

Notes
Turn   | Place    | Note
-------+----------+-------------------------------------------
     0 | D:1      | sahdkjhfkaj the Gargoyle Earth Elementalist began the quest
                  | for the Orb.
     0 | D:1      | Reached XP level 1. HP: 10/10 MP: 3/3
    69 | D:1      | Reached skill level 4 in Earth Magic
   154 | D:1      | Reached XP level 2. HP: 14/15 MP: 0/5
   527 | D:1      | Reached XP level 3. HP: 16/19 MP: 2/6
   604 | D:1      | Reached skill level 5 in Earth Magic
   974 | D:1      | Learned a level 3 spell: Stone Arrow
  1772 | D:2      | Reached XP level 4. HP: 17/24 MP: 0/7
  2056 | D:2      | Reached skill level 6 in Earth Magic
  2098 | D:2      | Noticed Jessica
  2099 | D:2      | Killed Jessica
  2836 | D:3      | Reached XP level 5. HP: 28/28 MP: 1/8
  2850 | D:3      | Reached skill level 7 in Earth Magic
  4256 | D:4      | Reached skill level 8 in Earth Magic
  4256 | D:4      | Reached XP level 6. HP: 24/32 MP: 0/9
  4347 | D:4      | Reached skill level 1 in Conjurations
  5077 | D:4      | Reached XP level 7. HP: 36/36 MP: 3/10
  5172 | D:4      | Reached skill level 9 in Earth Magic
  5318 | D:4      | Found Ete Cyg's Book Shoppe.
  5861 | D:4      | Reached skill level 10 in Earth Magic
  6175 | D:5      | Entered Level 5 of the Dungeon
  6284 | D:5      | Learned a level 5 spell: Lee's Rapid Deconstruction
  6568 | D:5      | Noticed Prince Ribbit
  6626 | D:5      | Killed Prince Ribbit
  6627 | D:5      | Reached skill level 11 in Earth Magic
  6627 | D:5      | Reached XP level 8. HP: 41/41 MP: 1/11
  6907 | D:5      | Identified the cursed +1 scale mail "Xewkax" {rC- rN+
                  | Dex+3}
  7078 | D:5      | Found a shimmering altar of Xom.
  7475 | D:5      | Reached skill level 12 in Earth Magic
  7574 | D:5      | Found a blossoming altar of Fedhas.
  7575 | D:5      | Found a stormy altar of Qazlal.
  7828 | D:6      | Noticed Maggie
  8161 | D:6      | Reached XP level 9. HP: 41/45 MP: 3/13
  8652 | D:6      | Killed Maggie
  8653 | D:6      | Reached skill level 13 in Earth Magic
  8653 | D:6      | Reached skill level 5 in Conjurations
  9339 | D:6      | Found a staircase to the Ecumenical Temple.
  9403 | Temple   | Entered the Ecumenical Temple
  9533 | Temple   | Became a worshipper of Vehumet
  9578 | D:6      | Noticed Blork the orc
  9584 | D:6      | Killed Blork the orc
  9617 | D:6      | Found a shimmering blue altar of Sif Muna.
 10136 | D:7      | Reached skill level 1 in Evocations
 10712 | D:7      | Reached skill level 1 in Fighting
 10712 | D:7      | Quit the game

Illustrated notes

Levels and vault maps discovered:
D:1:      sevenhm_arrival_forest_fort_small_6, layout_loops_ring, st_stairs_13
D:2:      layout_loops_ring, minmay_tromino_v4_a, uniq_jessica
D:3:      layout_basic, dk_noncrumbling_4
D:4:      layout_loops_ring, kennysheep_diamond, minmay_manual_moon
D:5:      layout_loops_cross, grunt_temple_overflow_forces_of_nature,
          led_xom_imps, uniq_prince_ribbit1
D:6:      minmay_skewed_foursquare, layout_rooms, tgw_sif,
          minmay_temple_entry_butterflies, serial_rivers,
          chequers_serial_rivers_micro_c, chequers_serial_rivers_micro_c,
          chequers_serial_rivers_large_b, chequers_serial_rivers_micro_d,
          uniq_maggie
D:7:      layout_rooms, uniq_joseph
Temple:   nicolae_temple_elliptical

Skill      XL: |  1  2  3  4  5  6  7  8  9 |
---------------+----------------------------+-----
Earth Magic    | 4 5 6 8 11 12 13 | 13.0
Conjurations   | 2 3 4 6 |  6.0
Spellcasting   | 3 4 |  4.0
Evocations     | 3 |  3.0
Fighting       | 1 |  1.5
Dodging        | |  1.5
Stealth        | |  2.1
Transmutations | |  0.7

Action                   |  1- 3 |  4- 6 |  7- 9 || total
-------------------------+-------+-------+-------++-------
Melee: Unarmed           |     8 |       |       ||     8
       Whip              |    70 |    88 |   123 ||   281
 Cast: Sandblast         |    29 |     3 |    14 ||    46
       Stone Arrow       |     6 |    53 |    27 ||    86
       Lee's Rapid Decon |       |       |    67 ||    67
  Use: Scroll            |       |     7 |     3 ||    10
       Potion            |       |     2 |     2 ||     4
 Stab: Sleeping          |     2 |       |       ||     2
       Invisible         |       |       |     1 ||     1
Armor: Robe              |    35 |    57 |   102 ||   194
Dodge: Dodged            |    69 |    69 |   147 ||   285

Table legend: (Time is in decaauts)
 A = Elapsed time spent in this place.
 B = Non-inter-level travel time spent in this place.
 C = Inter-level travel time spent in this place.
 D = Time resting spent in this place.
 E = Time spent auto-exploring this place.
 F = Levels seen in this place.
 G = Mean time per level.
                   A        B        C        D        E       F      G
               +--------+--------+--------+--------+--------+-----+--------+
         Total |  10793 |  10385 |    408 |    327 |   8627 |   8 | 1349.1 |
       Dungeon |  10634 |  10263 |    371 |    327 |   8508 |   7 | 1519.1 |
        Temple |    158 |    121 |     37 |      0 |    119 |   1 |  158.0 |
               +--------+--------+--------+--------+--------+-----+--------+

Top non-repeatable levels by time:
     D:6: 2193 daAuts
     D:3: 1915 daAuts
     D:5: 1891 daAuts
     D:1: 1581 daAuts
     D:4: 1548 daAuts
     D:2: 1149 daAuts
     D:7: 355 daAuts
  Temple: 158 daAuts
